AoeStats
← KND

Nomad

510201105Analyzed
4v4 RM · 20h ago on Sep 29, 2026· 22m 2s· 8 players
Game mode
Random Map
Map size
231×231
Population
200
Speed
Normal
Resources
Standard
Victory
Conquest
Starting age
Dark Age
Ending age
Imperial Age
RankedLock teamsTeams togetherTeam positionsShared explorationLock speedFull tech treeHidden civsTurbo modeCheats
Victory
Defeat
🇧🇴 Persians · Bolivia
1692
+12
🇭🇷 Saxons · Croatia
1629
+15
🇨🇴 Danes · Colombia
1552
+18
🇧🇷 Lithuanians · Brazil
1499
+21
🇦🇷 Italians · Argentina
1661
-19
🇦🇷 Mapuche · Argentina
1651
-18
🇦🇷 Celts · Argentina
1631
-18
🇦🇷 Persians · Argentina
1468
-11
hK | Santo
5:11 Loom
13:17 Feudal Age
15:36 Wheelbarrow
15:41 Double-Bit Axe
18:37 Castle Age
18:50 Fishing Lines
20:09 Scale Mail Armor
20:43 Fishing Lines
21:49 Fletching
Jimmy
4:46 Loom
13:26 Feudal Age
18:17 Castle Age
17:43 Double-Bit Axe
17:44 Fishing Lines
19:00 Fletching
21:50 Stone Mining
到
11:13 Feudal Age
11:38 Double-Bit Axe
15:08 Loom
17:08 Town Watch
20:17 Castle Age
18:43 Fletching
18:53 Padded Archer Armor
21:06 Bow Saw
21:31 Bodkin Arrow
KND
9:15 Loom
12:11 Feudal Age
17:11 Double-Bit Axe
18:56 Fishing Lines
__16_Bacalao_ARG
5:26 Loom
22:38 Feudal Age
Revvv
4:21 Loom
11:54 Feudal Age
13:08 Double-Bit Axe
21:04 Castle Age
19:35 Fletching
21:59 Medium Warships
21:48 Bodkin Arrow
__73_TruenoTierra_Arg
4:58 Loom
12:50 Feudal Age
16:32 Castle Age
14:36 Double-Bit Axe
15:32 Gold Mining
16:46 Fletching
17:44 Horse Collar
19:06 Bodkin Arrow
__92_Deimos_Arg
10:11 Loom
13:49 Feudal Age
14:21 Double-Bit Axe
16:07 Fletching
19:19 Castle Age
17:51 Padded Archer Armor
17:44 Horse Collar
18:31 Town Watch
20:12 Bodkin Arrow
21:41 Crossbowman
Connection lost

Rejoining the realm…

Still unreachable

The connection could not be restored.

Session expired

The server has moved on; the page needs a fresh start.